Map: Dusk Towers

Players

Newbie

  • Race: Terran Terran
  • League: Master

BuRny - Winner!

  • Race: Terran Terran
  • League: Master

VOD

Have the link to the VOD?

Description

Time

  • Played on: Feb. 7, 2016, 6:30 a.m.
  • Length: 8:53
Show
View Real Time Build Order
Export as new Build Order

Newbie Terran 

Build Orders: 1/1/1, Cyclone Opening 

Get SALT Encoding   

  12  0:00  SCV  
  13  0:13  SCV  
  14  0:17  Supply Depot  
  14  0:25  SCV  
  15  0:39  SCV  
  15  0:40  Barracks  
  16  0:45  Refinery  
  16  0:51  SCV  
  16  0:55  Refinery  
  17  1:10  SCV  
  18  1:22  SCV  
  19  1:27  Marine  
  20  1:33  Factory  
  20  1:35  Orbital Command  
  20  1:44  Supply Depot  
  20  1:47  Marine  
  21  2:00  SCV  
  22  2:05  Marine  
  23  2:13  SCV  
  24  2:17  Factory Tech Lab  
  24  2:18  Starport  
  24  2:23  Marine  
  24  2:25  SCV  
  26  2:30  Supply Depot  
  26  2:37  SCV  
  26  2:38  Cyclone  
  30  2:47  Barracks Reactor  
  30  2:57  Medivac  
  32  3:07  SCV  
  32  3:09  Liberator  
  33  3:14  Barracks x2  
  33  3:22  Supply Depot  
  36  3:28  Marine x2  
  38  3:45  Siege Tank  
  38  3:46  Marine x2  
  43  3:52  Engineering Bay  
  43  4:02  Barracks Tech Lab, Barracks Reactor  
  43  4:03  Marine  
  43  4:04  Marine  
  42  4:21  Marine x2  
  40  4:39  Marine  
  36  4:55  Marine x2  
  36  4:56  Marine  
  36  4:59  Starport Reactor, Marauder  
  38  5:00  Siege Tank  
  38  5:02  Stimpack, Marine  
  42  5:13  Command Center  
  42  5:15  Terran Infantry Weapons Level 1  
  42  5:20  Marine x2  
  44  5:27  Supply Depot  
  44  5:37  Viking  
  46  5:46  Viking  
  47  6:00  Missile Turret  
  47  6:02  Marauder, Marine  
  50  6:10  Medivac  
  52  6:13  Marine  
  53  6:23  Viking  
  55  6:30  Supply Depot  
  55  6:34  Liberator  
  55  7:03  Marine x3  
  55  7:04  Marine  
  55  7:05  Marauder  
  55  7:06  Orbital Command  
  36  7:31  SCV  
  36  7:32  SCV  
  38  7:43  SCV  
  38  7:44  SCV  
  40  7:45  Marine  
  40  7:46  Marine x4  
  45  8:05  SCV x2  
  45  8:11  Marine x4  
  51  8:17  SCV  
  51  8:18  Command Center, SCV  
  53  8:30  Marine x3, SCV x2  
Show
View Real Time Build Order
Export as new Build Order

BuRny Terran - Winner!

Build Orders: Mech 

Get SALT Encoding   

  12  0:00  SCV  
  13  0:12  SCV  
  14  0:17  Supply Depot  
  14  0:25  SCV  
  15  0:39  SCV  
  15  0:42  Barracks  
  16  0:47  Refinery  
  16  0:51  SCV  
  16  0:55  Refinery  
  17  1:03  SCV  
  18  1:15  SCV  
  19  1:29  Orbital Command  
  19  1:35  Factory  
  19  1:49  Reaper  
  19  1:53  Supply Depot  
  20  1:55  SCV  
  21  2:13  SCV  
  21  2:17  Command Center  
  21  2:32  SCV  
  22  2:37  Starport  
  22  2:43  Widow Mine  
  25  2:44  SCV  
  25  2:45  Supply Depot  
  25  2:56  SCV  
  26  3:02  Barracks Reactor  
  26  3:08  SCV  
  26  3:12  Factory Tech Lab  
  27  3:20  Viking, SCV  
  29  3:29  Orbital Command  
  29  3:32  Siege Tank, SCV  
  33  3:44  SCV  
  34  3:53  Refinery  
  34  3:56  SCV  
  34  3:58  SCV  
  36  4:04  Refinery, Siege Tank  
  36  4:09  SCV  
  40  4:10  SCV  
  41  4:18  Factory  
  41  4:21  SCV  
  41  4:22  SCV  
  43  4:33  SCV  
  43  4:34  SCV  
  41  4:45  SCV  
  40  4:46  SCV  
  41  4:53  Viking x2  
  41  4:57  SCV, Siege Tank  
  41  4:58  Barracks Tech Lab  
  41  4:59  SCV  
  50  5:09  SCV  
  50  5:11  Factory, SCV  
  52  5:18  Supply Depot  
  52  5:21  SCV  
  52  5:23  SCV  
  54  5:31  Barracks Reactor  
  54  5:40  SCV x2  
  56  5:45  Command Center  
  56  5:49  Engineering Bay  
  56  5:52  SCV x2  
  58  5:58  Armory  
  58  6:04  SCV x2  
  58  6:07  Supply Depot  
  58  6:09  Supply Depot  
  60  6:14  Infernal Pre-Igniter  
  60  6:16  Hellion  
  62  6:28  SCV x2  
  62  6:29  Hellion x3  
  62  6:31  Viking  
  72  6:36  Missile Turret  
  72  6:39  Missile Turret  
  72  6:40  SCV x2  
  72  6:45  Viking  
  74  7:03  Viking  
  74  7:05  Orbital Command  
  74  7:08  SCV  
  74  7:11  SCV  
  74  7:13  Hellion  
  74  7:14  Hellion  
  74  7:15  Viking  
  82  7:20  Supply Depot  
  82  7:21  SCV  
  83  7:29  SCV  
  84  7:33  SCV, Liberator  
  84  7:36  Supply Depot  
  85  7:38  Supply Depot  
  85  7:46  Siege Tank x2  
  85  7:47  Hellion x2  
  85  7:48  Refinery, Liberator  
  96  7:58  SCV x2  
  96  8:15  Hellion x2  
  96  8:18  Siege Tank, SCV  
  96  8:19  Supply Depot, SCV, Siege Tank  
Tags
 
Composition
Mech
Matchup
TvT
Race
Terran
Add a new tag
Caveats
  • Supply blocks, unpowered buildings, or Contaminate may cause inaccurate times.
  • Supply counts are checked every 10 seconds.